 Dungeon Crawl Stone Soup version 0.27-a0-978-g2aa4ecdaef (webtiles) character file.

Game seed: 9051243238293622617

46 senseless the Skirmisher (level 3, -2/31 HPs)
             Began as a Palentonga Fighter on Apr 14, 2021.
             Slain by a gnoll
             ... wielding a +0 halberd
              (6 damage)
             ... on level 2 of the Dungeon on Apr 15, 2021.
             The game lasted 00:04:09 (924 turns).

senseless the Skirmisher (Palentonga Fighter)        Turns: 924, Time: 00:04:10

Health: -2/31      AC:  6    Str: 20    XL:     3   Next: 44%
Magic:  3/3        EV:  5    Int:  8    God:
Gold:   35         SH:  8    Dex:  9    Spells: 2/2 levels left

rFire    . . .     SeeInvis +   a - +0 war axe
rCold    . . .     Faith    .   c - +0 kite shield
rNeg     . . .     Spirit   .   b - +0 scale mail
rPois    .         Reflect  .   (no helmet)
rElec    .         Harm     .   (no cloak)
rCorr    .         Rampage  .   (no gloves)
Will     .....                  (no barding)
Stlth    ..........             (no amulet)
HPRegen  0.10/turn              (no ring)
MPRegen  0.08/turn              (no ring)

@: no status effects
A: large, rugged brown scales 3, see invisible, deformed body, roll 1, armoured
tail
a: Rolling Charge


You were on level 2 of the Dungeon.
You visited 1 branch of the dungeon, and saw 2 of its levels.

You collected 35 gold pieces.

Inventory:

Hand Weapons
 a - a +0 war axe (weapon)
Armour
 b - a +0 scale mail (worn)
 c - a +0 kite shield (worn)
Scrolls
 f - a scroll of noise {unknown}
 g - a scroll of identify {unknown}
 h - a scroll of magic mapping {unknown}
 j - a scroll of teleportation {unknown}
Potions
 d - a potion of might
 e - a potion of degeneration {unknown}
 i - 2 potions of curing {unknown}


   Skills:
 + Level 3.1 Fighting
 + Level 2.9 Axes
 + Level 2.8 Armour
 + Level 0.1 Dodging
 + Level 2.7 Shields


You had 2 spell levels left.
You didn't know any spells.
Your spell library was empty.

Dungeon Overview and Level Annotations

Branches:
Dungeon (2/15)

Altars:
Vehumet
Wu Jian


Innate Abilities, Weirdness & Mutations

You are completely covered in rugged brown scales. (AC +3, +7% HP)
You have supernaturally acute eyesight. (SInv)
Armour fits poorly on your strangely shaped body.
You can roll at nearby foes to attack.
You have a long armoured tail.


Message History

You block the adder's attack. The adder bites you but does no damage.
The gnoll hits you from afar with a +0 halberd!
You closely miss the adder. You tail-slap the adder.
The adder is almost dead.
The adder bites you but does no damage. You block the adder's attack.
You block the gnoll's attack.
You closely miss the adder.
Your tail-slap misses the adder.
The adder is almost dead.
The adder bites you.
The gnoll hits you from afar with a +0 halberd.
The adder bites you but does no damage.
The gnoll hits you from afar with a +0 halberd!
* * * LOW HITPOINT WARNING * * *
You block the adder's attack. The adder barely misses you.
You hit the adder.
You kill the adder!
You block the gnoll's attack. You block the gnoll's attack.
You closely miss the gnoll. You block the gnoll's attack.
The gnoll hits you with a +0 halberd.
* * * LOW HITPOINT WARNING * * *
You closely miss the gnoll. You block the gnoll's attack.
You barely miss the gnoll.
Your tail-slap misses the gnoll.
You block the gnoll's attack. The gnoll hits you with a +0 halberd.
* * * LOW HITPOINT WARNING * * *
You hit the gnoll.
The gnoll is moderately wounded.
The gnoll barely misses you. You block the gnoll's attack.
You barely miss the gnoll.
The gnoll is moderately wounded.
You block the gnoll's attack.
You hit the gnoll.
The gnoll is almost dead.
You block the gnoll's attack. The gnoll hits you but does no damage.
Your shield prevents you from hitting the gnoll.
Your tail-slap misses the gnoll.
The gnoll is almost dead.
The gnoll hits you with a +0 halberd.
You die...

........#..........^.
......#$#...........
......#............
......))†.........
..................
..............### .
....#........#######...
....#.....>†...........
... ##.......@g........
.. #.................
#.................
#$................
#..........####.##
............# #
..####......# ##+#....
.....


You could see a gnoll.

Vanquished Creatures
  An adder (D:2)
  2 dart slugs
  4 endoplasms
  A giant cockroach (D:2)
  2 goblins
  2 hobgoblins
  2 jackals (D:2)
  3 kobolds
  2 quokkas
  4 ball pythons
  2 bats
  A frilled lizard (D:2)
  4 rats
30 creatures vanquished.

Notes
Turn   | Place    | Note
-------+----------+-------------------------------------------
     0 | D:1      | senseless the Palentonga Fighter began the quest for the
                  | Orb.
     0 | D:1      | Reached XP level 1. HP: 19/19 MP: 1/1
   208 | D:1      | Found a faded altar of an unknown god.
   216 | D:1      | Became a worshipper of Vehumet
   216 | D:1      | Reached * piety under Vehumet
   216 | D:1      | Offered knowledge of Sandblast by Vehumet.
   318 | D:1      | Reached XP level 2. HP: 25/25 MP: 2/2
   463 | D:1      | Fell from the grace of Vehumet
   707 | D:2      | Found an ornate altar of the Wu Jian Council.
   785 | D:2      | Reached XP level 3. HP: 24/31 MP: 3/3
   924 | D:2      | Slain by a gnoll

Illustrated notes

Levels and vault maps discovered:
D:1:      dpeg_arrival_three_same_balls, layout_loops_ring,
          hellmonk_ecumenical_altar_slurped_away
D:2:      layout_basic, basic_altar, uniq_sigmund

Action                   || total
-------------------------++-------
Melee: War axe           ||    80
       Tailslap          ||     7
Invok: Renounce Religion ||     1
 Abil: Rolling Charge    ||    11
Armor: Scale mail        ||    39
Dodge: Dodged            ||    17
Block: Kite shield       ||    51

Table legend: (Time is in decaauts)
 A = Elapsed time spent in this place.
 B = Non-inter-level travel time spent in this place.
 C = Inter-level travel time spent in this place.
 D = Time resting spent in this place.
 E = Time spent auto-exploring this place.
 F = Levels seen in this place.
 G = Mean time per level.
                   A        B        C        D        E       F      G
               +--------+--------+--------+--------+--------+-----+--------+
         Total |    971 |    947 |     24 |      0 |    733 |   2 |  485.5 |
       Dungeon |    971 |    947 |     24 |      0 |    733 |   2 |  485.5 |
               +--------+--------+--------+--------+--------+-----+--------+

Top non-repeatable levels by time:
     D:1: 724 daAuts
     D:2: 246 daAuts
